 Dungeon Crawl Stone Soup version 0.27.1-34-g3ba077fa99 (webtiles) character file.

Game seed: 4732051428708040549

105 Arum the Shield-Bearer (level 5, 0/43 HPs)
             Began as a Formicid Fighter on Jan 4, 2022.
             Succumbed to a kobold brigand's poison
             ... in a sewer.
             The game lasted 00:02:39 (2368 turns).

Arum the Shield-Bearer (Formicid Fighter)           Turns: 2368, Time: 00:02:40

Health: 0/43       AC:  6    Str: 21    XL:     5   Next: 8%
Magic:  5/5        EV:  8    Int:  7    God:
Gold:   27         SH: 10    Dex: 11    Spells: 4/4 levels left

rFire    + . .     SeeInvis +   a - +0 quarterstaff
rCold    . . .     Faith    .   c - +0 kite shield
rNeg     . . .     Spirit   .   b - +0 scale mail
rPois    .         Reflect  .   (helmet unavailable)
rElec    .         Harm     .   (no cloak)
rCorr    .         Rampage  .   (no gloves)
Will     .....                  (no boots)
Stlth    ..........             (no amulet)
HPRegen  0.14/turn              e - ring of protection from fire
MPRegen  0.09/turn              (no ring)

@: lethally poisoned (0 -> -2)
A: permanent stasis, dig shafts and tunnels, antennae 3, four strong arms
a: Dig


You were in a sewer.
You visited 1 branch of the dungeon, and saw 3 of its levels.
You also visited: Sewer.

You collected 27 gold pieces.

Inventory:

Hand Weapons
 a - a +0 quarterstaff (weapon)
Armour
 b - a +0 scale mail (worn)
 c - a +0 kite shield (worn)
Jewellery
 e - a ring of protection from fire (left hand)
Scrolls
 h - a scroll of acquirement {unknown}
 k - a scroll of fear
 m - a scroll of noise {unknown}
 n - a scroll of torment {unknown}
 o - a scroll of enchant weapon {unknown}
Potions
 d - a potion of might


   Skills:
 + Level 4.3 Fighting
 + Level 3.2 Staves
 - Level 3.2 Armour
 + Level 4.7 Shields


You had 4 spell levels left.
You didn't know any spells.
Your spell library was empty.

Dungeon Overview and Level Annotations

Branches:
Dungeon (3/15)              Sewer (1/1)

Altars:
Uskayaw


Innate Abilities, Weirdness & Mutations

You cannot be hasted, slowed, berserked, paralysed or teleported.
You can dig through walls and to a lower floor.
You have a pair of large antennae on your head. (SInv)
Your four strong arms can wield two-handed weapons with a shield.


Message History

A kobold brigand comes into view.
It is wielding a +0 dagger and quivering poisoned darts.
You miss the ufetubus.
The kobold brigand shouts!
You hear a shout! x2
The ufetubus hits you but does no damage. x2
You block the ufetubus's attack. x2
Your shield and scale mail prevent you from hitting the ufetubus.
The ufetubus hits you. The ufetubus barely misses you.
An ufetubus comes into view.
The kobold brigand throws a poisoned dart.
The poisoned dart hits you!
You are poisoned.
An ufetubus comes into view.
You block the ufetubus's attack. x2; The ufetubus moves out of view.
You feel sick.
The ufetubus hits you but does no damage.
You block the ufetubus's attack.
Unknown command.
You closely miss the ufetubus.
You feel sick. You block the ufetubus's attack. The ufetubus hits you.
* * * LOW HITPOINT WARNING * * *
You block the ufetubus's attack. The ufetubus barely misses you.
It was a potion of haste.
Your stasis prevents you from being hasted.
You feel sick. The ufetubus hits you.
* * * LOW HITPOINT WARNING * * *
You block the ufetubus's attack.
Okay, then.
As you read the scroll labelled JIKHIU WATI, it crumbles to dust.
It is a scroll of identify.
k - a scroll of fear
* * * LOW HITPOINT WARNING * * *
You feel sick. The ufetubus hits you.
* * * LOW HITPOINT WARNING * * *
The ufetubus hits you but does no damage.
The kobold barely misses you. You block the ufetubus's attack.
The ufetubus hits you but does no damage.
As you read the scroll labelled YFOVI ZOEBARUO, it crumbles to dust.
The creatures around you are filled with an inner flame!
It was a scroll of immolation.
You die...

######################
#≈≈≈≈≈≈≈≈≈≈≈≈≈≈≈≈≈≈.'
#≈≈≈≈≈≈≈≈≈≈≈≈≈≈≈≈≈≈.#
#≈≈≈≈≈≈≈≈≈≈≈≈≈≈≈≈≈≈{#{
#.≈≈≈≈≈≈≈≈≈≈≈≈≈≈≈≈..#
#.≈.≈≈≈≈≈≈≈≈≈≈≈≈≈≈..# #
#≈≈≈≈≈≈≈≈≈≈≈≈≈≈≈≈...# ≈#
##≈####≈##≈##≈###.### {##
#≈≈.#..........@5K≈≈#{..#
#≈≈.............K≈≈≈≈5.5'
#≈..#.............≈≈#...#
#≈≈.####≈#≈≈###≈#.### .##
#≈).# ≈≈≈≈≈≈≈≈≈≈.)..# ≈#
#≈≈.#≈≈≈≈≈≈≈≈≈≈≈≈≈..# #
#≈..#≈≈≈≈≈≈≈≈≈≈≈≈≈≈.#
#≈≈.#≈≈≈≈≈≈≈≈≈≈≈≈≈≈.#{
#≈..#≈≈≈≈≈≈≈≈≈≈≈≈≈≈.#{


You could see 2 ufetubi and 2 kobolds.

Vanquished Creatures
  An adder (D:2)
  A gnoll (D:1)
  A shadow imp (Sewer)
  3 ufetubi (Sewer)
  2 worms (D:2)
  4 dart slugs
  2 bats
  4 endoplasms (D:1)
  5 giant cockroaches
  A goblin (D:2)
  5 hobgoblins (D:1)
  4 quokkas
  4 ball pythons
  3 frilled lizards
  5 kobolds
  2 rats
47 creatures vanquished.

Vanquished Creatures (others)
  An adder zombie (Sewer)
  An endoplasm (Sewer)
2 creatures vanquished.

Grand Total: 49 creatures vanquished

Notes
Turn   | Place    | Note
-------+----------+-------------------------------------------
     0 | D:1      | Arum the Formicid Fighter began the quest for the Orb.
     0 | D:1      | Reached XP level 1. HP: 18/18 MP: 1/1
   122 | D:1      | Reached XP level 2. HP: 12/24 MP: 2/2
   663 | D:1      | Reached XP level 3. HP: 30/30 MP: 3/3
  1089 | D:2      | Reached XP level 4. HP: 27/37 MP: 4/4
  1326 | D:2      | Found a hide-covered altar of Uskayaw.
  2015 | D:3      | Found a glowing drain.
  2045 | Sewer    | Entered a sewer
  2192 | Sewer    | Reached XP level 5. HP: 25/42 MP: 5/5
  2361 | Sewer    | Noticed a kobold brigand
  2367 | Sewer    | HP: 1/43 [ufetubus (2)]
  2368 | Sewer    | Succumbed to a kobold brigand's poison

Illustrated notes

Levels and vault maps discovered:
D:1:      lightli_arrival_noodles, layout_loops_ring, minmay_split_cup_small
D:2:      layout_loops_cross, basic_altar, minmay_misc_feat_room
D:3:      layout_basic, grunt_temple_overflow_cloverleaf, portal_sewer_entry_f,
          wad_orctagon, uniq_jessica
Sewer:    kennysheep_sewer_church

Skill      XL: |  1  2  3  4 |
---------------+-------------+-----
Shields        | 4 |  4.7
Fighting       | 4 |  4.3
Staves         | 3 |  3.2
Armour         | |  3.2

Action                   |  1- 3 |  4- 6 || total
-------------------------+-------+-------++-------
Melee: Quarterstaff      |    84 |    94 ||   178
 Abil: Dig               |       |     1 ||     1
  Use: Scroll            |       |     4 ||     4
       Potion            |       |     1 ||     1
Armor: Scale mail        |    34 |    51 ||    85
Dodge: Dodged            |    27 |    42 ||    69
Block: Kite shield       |    40 |    79 ||   119
